 Dungeon Crawl Stone Soup version 0.16.2-12-gd0ad4c3 (webtiles) character file.

182849 Sayman the Spry (level 18, -1/140 HPs)
             Began as a Merfolk Gladiator on Sept 13, 2015.
             Was a High Priest of Trog.
             Killed from afar by a shock serpent (22 damage)
             ... with a bolt of electricity
             ... on level 5 of the Snake Pit on Sept 14, 2015.
             The game lasted 03:46:52 (45959 turns).

Sayman the Spry (Merfolk Gladiator)                Turns: 45959, Time: 03:46:52

Health: -1/140     AC: 43    Str: 18    XL:     18   Next: 35%
Magic:  0/9        EV:  8    Int: 16    God:    Trog [*****.]
Gold:   1009       SH:  0    Dex: 14    Spells: 0 memorised, 17 levels left

rFire  . . .     SeeInvis .     a - +4 demon trident (antimagic)
rCold  . . .     Clarity  +     K - +8 orange crystal plate armour {Archmagi, Int+3 Clar SustAb}
rNeg   . . .     SustAb   +     (no shield)
rPois  +         Gourm    .     D - +0 helmet (curse)
rElec  .         Spirit   +     d - +2 cloak {MR+}
rCorr  .         Warding  .     g - +1 pair of gloves
rMut   .         Stasis   .     w - +0 pair of boots
MR     ++...                    Z - amulet of guardian spirit
Stlth  ..........               v - ring of poison resistance
                                O - +5 ring of protection

@: very slightly contaminated, very resistant to hostile enchantments, extremely
unstealthy
A: change form in water, swift swim
a: Burn Spellbooks, Berserk, Trog's Hand, Brothers in Arms, Renounce Religion


You were on level 5 of the Snake Pit.
You worshipped Trog.
Trog was extremely pleased with you.
You were not hungry.

You visited 6 branches of the dungeon, and saw 36 of its levels.
You also visited: Labyrinth.

You collected 3360 gold pieces.
You spent 2351 gold pieces at shops.

Inventory:

Hand weapons
 a - a +4 antimagic demon trident (weapon)
 b - the +6 arbalest "Hellfire" {hellfire, rF++ rC- MR+}
   (You found it on level 2 of the Snake Pit)

   It greatly protects you from fire.
   It makes you vulnerable to cold.
   It affects your resistance to hostile enchantments.
 i - a +4 blowgun
 I - the +7 great mace "Firestarter" {flame, inner flame, rF++}
   (You took it off a wight on level 6 of the Dungeon)

   It has been specially enchanted to burn those struck by it, causing extra
   injury to most foes and up to half again as much damage against particularly
   susceptible opponents.
   It greatly protects you from fire.
Missiles
 m - 2 curare-tipped needles
 p - 2 tomahawks of dispersal (quivered)
 s - 2 javelins of penetration
 A - 8 javelins of returning
 C - 41 bolts
 J - 6 needles of confusion
 L - 2 needles of paralysis
 P - 14 silver javelins
 S - 6 javelins
 U - 7 throwing nets
Armour
 d - a +2 cloak of magic resistance (worn)
 g - a +1 pair of gloves (worn)
 w - a +0 pair of boots (worn)
 D - a cursed +0 helmet (worn)
 K - the +8 orange crystal plate armour (worn) {Archmagi, Int+3 Clar SustAb}
   (You found it on level 8 of the Lair of Beasts)

   It affects your intelligence (+3).
   It sustains your strength, intelligence and dexterity.
   It protects you against confusion.
 Y - the +0 shield of Context {rF+ rC+ Stlth+}
   (You bought it in a shop on level 1 of the Elven Halls)

   It protects you from fire.
   It protects you from cold.
   It makes you more stealthy.
Rods
 G - a +7 rod of destruction (17/17)
   (You found it in a labyrinth)
Jewellery
 l - an uncursed ring of flight
 v - a ring of poison resistance (right hand)
 E - an uncursed ring of protection from fire
 O - a +5 ring of protection (left hand)
 R - an uncursed amulet of resist corrosion
 Z - an amulet of guardian spirit (around neck)
Magical devices
 F - a wand of heal wounds (5)
 N - a wand of disintegration (4)
Scrolls
 c - 7 scrolls of remove curse
 n - 2 scrolls of fog
 q - 3 scrolls of magic mapping
 u - 5 scrolls of teleportation
 y - a scroll of enchant armour
 Q - 3 scrolls of blinking
 T - 2 scrolls of identify
 W - 4 scrolls of recharging
Potions
 e - 7 potions of restore abilities
 h - 5 potions of agility
 k - 5 potions of might
 o - 9 potions of curing
 x - a potion of cancellation
 z - 4 potions of heal wounds
 B - 2 potions of invisibility
 H - 3 potions of resistance
 M - 2 potions of magic
 X - 6 potions of haste
Books
 j - a Necronomicon {highlevel}

   This book is beyond your current level of understanding.

   Spells                             Type                      Level
   a - Haunt                          Necromancy/Summoning         7
   b - Borgnjor's Revivification      Necromancy                   8
   c - Death's Door                   Charms/Necromancy            8
   d - Necromutation                  Transmutation/Necromancy     8
   Trog disapproves of the use of such an item.
Comestibles
 f - 19 bread rations
 r - 7 beef jerkies
 t - 3 meat rations


   Skills:
 - Level 12.0 Fighting
 - Level 16.0 Polearms
 * Level 5.0 Crossbows
 - Level 14.0 Throwing
 - Level 12.2 Armour
 - Level 16.0 Dodging
 - Level 0.5 Stealth
 - Level 13.0 Shields
 - Level 7.0 Evocations


You had 17 spell levels left.
You didn't know any spells.

Dungeon Overview and Level Annotations

Branches:
Dungeon (15/15)            Temple (1/1) D:4            Lair (8/8) D:10
  Swamp (0/5) Lair:5        Snake (5/5) Lair:4        Slime (0/6) Lair:8
    Orc (4/4) D:11            Elf (3/3) Orc:4        Vaults (0/5) D:13
 Depths (0/5) D:15

Altars:
Ashenzari
Cheibriados
Dithmenos
Elyvilon
Fedhas
Gozag
Kikubaaqudgha
Makhleb
Nemelex Xobeh
Okawaru
Qazlal
Ru
Sif Muna
Trog
Vehumet
Xom
Yredelemnul
Zin
The Shining One

Shops:
D:15 [   Orc:4 ((%=!   Elf:1 *   Elf:2 ?   Snake:2 }

Annotations:
D:6 exclusion: downstairs
D:13 exclusion: downstairs


Message History

The shock serpent completely resists.
Unknown command.
Use which ability? (? or * to list)
You fail to use your ability.
The shock serpent shoots out a bolt of lightning at you!
The bolt of electricity hits you!
* * * LOW HITPOINT WARNING * * *
The bolt of electricity hits you!
* * * LOW HITPOINT WARNING * * *
The bolt of electricity hits the shock serpent.
The shock serpent completely resists.
Unknown command.
Read which item? (? for menu, Esc to quit)
Blink to where?
Press: ? - help, Dir - move target cursor You are very lightly contaminated with residual magic.
As you read the scroll of blinking, it crumbles to dust.
The shock serpent shoots out a bolt of lightning at you!
The bolt of electricity hits you!
You die...

# # .# #.# #####.#
###.# #...##.†...#
##...# #...S# #
#..###### ####.##.....
#.#.....# #......#
#.#.....######.#...##
##.#.....#....@...#...#
#..#.......####.#####.#
#.##.....### #.# .#
###.##.....# #.# .
...........# ..#
###.##....^# ###
#.##.....# #.########
#.#


You could see a shock serpent.

Vanquished Creatures
  Saint Roka (Snake:4)
  A deep elf blademaster (Elf:2)
  Rupert (Lair:5)
  Kirke (D:14)
  Maud (Lair:6)
  A deep elf sorcerer (Elf:2)
  A war gargoyle (D:12)
  2 deep elf demonologists
  A minotaur (Lab)
  A vault guard (D:13)
  A yaktaur captain (D:15)
  A deep elf high priest (Elf:1)
  6 hydras
  6 naga warriors
  A catoblepas (Lair:8)
  3 anacondas
  13 dancing weapons (Elf:2)
  5 centaur warriors
  6 death yaks
  The ghost of okawaruIsDead the Basher, an experienced MiFi of Okawaru (D:10)
  3 orc high priests (Orc:4)
  9 naga sharpshooters
  2 tengu warriors
  Urug (D:13)
  6 shock serpents
  Nergalle (D:13)
  A salamander mystic (Snake:4)
  18 deep elf knights
  Erolcha (D:9)
  10 deep elf summoners
  5 naga ritualists
  7 hill giants
  2 orc knights (Orc:4)
  6 ugly things
  2 unseen horrors
  9 deep elf conjurers
  2 griffons (Lair:8)
  2 oklob plants
  5 salamanders
  4 mana vipers
  6 orc sorcerers
  A hornet (shapeshifter) (D:14)
  A sixfirhy (Orc:4)
  4 manticores
  26 black mambas
  4 guardian serpents
  3 centaur zombies
  8 elephants
  8 naga magi
  A cyclops (D:14)
  9 gargoyles
  A torpor snail (shapeshifter) (D:14)
  A kobold demonologist (D:13)
  An orange demon (D:14)
  14 spiny frogs
  2 yaktaurs
  A demonic crawler (Elf:1)
  6 komodo dragons
  5 fire drakes
  3 trolls
  12 deep elf priests
  17 slime creatures
  3 polar bears
  Prince Ribbit (D:9)
  A wind drake (shapeshifter) (D:15)
  28 blink frogs
  6 ravens
  5 basilisks
  4 wyverns
  25 deep elf magi
  A tarantella (shapeshifter) (D:14)
  A water elemental (D:14)
  A wraith (D:14)
  A wyvern (shapeshifter) (Elf:2)
  A hog (D:14)
  10 hippogriffs
  2 shadows (D:13)
  Grum (D:8)
  A golden eye (shapeshifter) (Elf:2)
  3 mottled dragons
  25 wolves
  6 hungry ghosts
  4 vampire mosquitoes (D:12)
  60 yaks
  21 deep elf fighters
  A steam dragon (Lair:7)
  33 nagas
  Edmund (D:5)
  Menkaure (D:6)
  2 wargs
  A soldier ant (D:13)
  3 sky beasts
  24 water moccasins
  8 porcupines
  A black bear (D:13)
  12 ogres
  The ghost of jatuni the Shield-Bearer, an average MiFi (D:3)
  A wasp (D:12)
  12 centaurs
  An eye of draining (D:14)
  2 ice beasts
  22 orc warriors
  15 crocodiles
  A gnoll sergeant (D:7)
  21 giant frogs
  A wyvern zombie (D:12)
  A big kobold (D:12)
  18 killer bees
  11 crimson imps
  A goliath beetle (D:7)
  14 wights
  4 electric eels
  2 quasits (D:13)
  4 giant frog zombies
  5 jellies
  A giant frog skeleton (D:9)
  An iron imp (D:14)
  Crazy Yiuf (D:6)
  7 centaur skeletons
  23 orc priests
  11 hounds
  39 orc wizards
  8 worker ants
  A spectral orc (D:13)
  Natasha (thrice) (D:5)
  12 iguanas
  Ijyb (D:2)
  30 sheep
  2 hound zombies
  Terence (D:2)
  2 mummies
  A hound skeleton (D:9)
  A worker ant zombie (D:5)
  23 adders
  6 gnolls
  44 river rats
  A giant mite (D:9)
  5 worms
  A worm (shapeshifter) (Elf:1)
  6 shadow imps
  An ufetubus (D:14)
  A sheep zombie (D:14)
  2 adder skeletons
  4 giant geckos
  2 oozes
  179 orcs
  13 bats
  2 bat skeletons
  2 bat zombies
  22 goblins
  19 hobgoblins
  21 kobolds
  17 quokkas
  4 ball pythons
  A ball python skeleton (D:4)
  4 giant cockroaches
  A giant gecko skeleton (D:4)
  3 giant newts
  4 jackals
  17 rats
  7 ballistomycetes
  A fungus (Elf:2)
1277 creatures vanquished.

Vanquished Creatures (collateral kills)
  A sphinx (D:14)
  Frances (D:14)
  Louise (Elf:2)
  The ghost of Enish the Eclecticist, a powerful DEWz of Vehumet (Orc:1)
  The ghost of Jouve the Spear-Bearer, a powerful HOFi of Gozag (D:13)
  An ice dragon (Lair:6)
  Harold (Lair:4)
  A catoblepas (D:14)
  A dancing weapon (Elf:2)
  An orc high priest (Elf:1)
  A deep elf knight (Elf:2)
  2 orc knights (Orc:4)
  An orc sorcerer (Orc:4)
  An oklob plant (Lair:8)
  An elephant (Lair:8)
  A gargoyle (D:12)
  A naga mage (Snake:2)
  A komodo dragon (Lair:6)
  2 deep elf priests (Elf:2)
  Sonja (D:15)
  A troll (Elf:1)
  A trapdoor spider (D:15)
  A shadow (D:14)
  A yak (Lair:6)
  5 hogs (D:14)
  2 neqoxecs (Elf:1)
  2 orc zombies (Orc:4)
  3 vampire mosquitoes (D:15)
  4 deep elf fighters (Elf:2)
  2 nagas (Snake:2)
  A water moccasin (Snake:2)
  7 orc warriors
  A boring beetle (Lair:6)
  2 orc priests
  An orc wizard (Orc:1)
  3 orcs
  A goblin zombie (Orc:4)
60 creatures vanquished.

Vanquished Creatures (others)
  An iron troll (Elf:2)
  2 deep trolls
  A troll (Elf:2)
  A polar bear (Lair:6)
  2 two-headed ogres
  A deep elf fighter (Elf:2)
  2 water moccasins (Snake:3)
  A centaur (D:15)
  2 wights (D:11)
  5 sheep (Lair:6)
  4 giant spores
  A bush (Lair:8)
  40 fungi
  16 plants
79 creatures vanquished.

Grand Total: 1416 creatures vanquished

Notes
Turn   | Place    | Note
--------------------------------------------------------------
     0 | D:1      | Sayman, the Merfolk Gladiator, began the quest for the Orb.
     0 | D:1      | Reached XP level 1. HP: 16/16 MP: 1/1
   301 | D:1      | Reached skill level 5 in Polearms
   407 | D:1      | Reached XP level 2. HP: 22/22 MP: 2/2
   827 | D:2      | Reached skill level 6 in Polearms
   827 | D:2      | Reached XP level 3. HP: 8/27 MP: 3/3
   851 | D:2      | HP: 1/27 [poisoned by an adder]
  1218 | D:2      | Noticed Terence
  1255 | D:2      | Killed Terence
  1475 | D:2      | Noticed Ijyb
  1495 | D:2      | Killed Ijyb
  1495 | D:2      | Reached skill level 7 in Polearms
  1495 | D:2      | Reached XP level 4. HP: 9/33 MP: 4/4
  2213 | D:3      | Noticed a giant frog
  2224 | D:3      | Killed a giant frog
  2224 | D:3      | Reached skill level 8 in Polearms
  2224 | D:3      | Reached XP level 5. HP: 27/38 MP: 5/5
  2411 | D:3      | Reached skill level 9 in Polearms
  2529 | D:3      | Noticed jatuni's ghost (average MiFi)
  2566 | D:4      | Reached XP level 6. HP: 44/44 MP: 6/6
  2582 | D:4      | Found a basalt altar of Yredelemnul.
  2645 | D:4      | Found a staircase to the Ecumenical Temple.
  2662 | Temple   | Entered the Ecumenical Temple
  2721 | Temple   | Became a worshipper of Trog the Wrathful
  2997 | D:4      | Reached skill level 10 in Polearms
  3627 | D:4      | Reached XP level 7. HP: 50/50 MP: 7/7
  3708 | D:4      | Reached skill level 11 in Polearms
  4046 | D:4      | Acquired Trog's first power
  4225 | D:3      | Killed jatuni's ghost
  4579 | D:5      | Entered Level 5 of the Dungeon
  4641 | D:5      | Reached skill level 12 in Polearms
  4777 | D:5      | Noticed Natasha
  4782 | D:5      | Killed Natasha
  4835 | D:5      | Acquired Trog's second power
  4849 | D:5      | Reached XP level 8. HP: 38/56 MP: 8/8
  5127 | D:5      | Reached skill level 13 in Polearms
  5168 | D:5      | Noticed Natasha
  5179 | D:5      | Killed Natasha
  5212 | D:5      | Noticed Natasha
  5396 | D:5      | Killed Natasha
  5447 | D:5      | Noticed Edmund
  5461 | D:5      | Killed Edmund
  5603 | D:5      | Reached skill level 14 in Polearms
  5963 | D:6      | Found a glowing silver altar of Zin.
  6072 | D:6      | Reached skill level 5 in Dodging
  6653 | D:6      | Reached XP level 9. HP: 15/61 MP: 9/9
  6845 | D:6      | Noticed Menkaure
  6849 | D:6      | Killed Menkaure
  7059 | D:6      | Noticed a centaur zombie
  7079 | D:6      | Killed a centaur zombie
  7079 | D:6      | Reached skill level 10 in Dodging
  7284 | D:6      | Found a stormy altar of Qazlal.
  7316 | D:6      | Noticed Crazy Yiuf
  7323 | D:6      | Killed Crazy Yiuf
  7740 | D:7      | Found a radiant altar of Vehumet.
  7773 | D:7      | Found a stormy altar of Qazlal.
  8387 | D:7      | Reached skill level 5 in Throwing
  8390 | D:7      | Reached XP level 10. HP: 67/67 MP: 10/10
  8392 | D:7      | Acquired Trog's third power
  9184 | D:8      | Received a gift from Trog
  9193 | D:8      | Found a sparkling altar of Nemelex Xobeh.
  9632 | D:8      | Found a shadowy altar of Dithmenos.
  9633 | D:8      | Found a shattered altar of Ashenzari.
  9725 | D:8      | Reached skill level 5 in Fighting
  9988 | D:8      | Noticed Grum
 10001 | D:8      | Killed Grum
 10558 | D:9      | Reached skill level 1 in Shields
 10697 | D:9      | Noticed Erolcha
 10708 | D:9      | Killed Erolcha
 10770 | D:9      | Noticed Prince Ribbit
 10776 | D:9      | Killed Prince Ribbit
 10830 | D:9      | Reached skill level 5 in Shields
 11328 | D:9      | Reached XP level 11. HP: 69/85 MP: 11/11
 11791 | D:10     | Entered Level 10 of the Dungeon
 11834 | D:10     | Noticed okawaruIsDead's ghost (experienced MiFi)
 11857 | D:10     | Killed okawaruIsDead's ghost
 12052 | D:10     | Found a staircase to the Lair.
 12285 | Lair:1   | Entered Level 1 of the Lair of Beasts
 13066 | Lair:1   | Received a gift from Trog
 13350 | Lair:2   | Reached skill level 10 in Fighting
 14815 | Lair:3   | Received a gift from Trog
 14977 | Lair:3   | Gained mutation: You expend magic power (3 MP) to slightly strengthen your wands. [potion of mutation]
 14977 | Lair:3   | Gained mutation: You are partially covered in rugged brown scales (AC +1, +3% HP). [potion of mutation]
 14977 | Lair:3   | Gained mutation: You are weak. (Str -2) [potion of mutation]
 14978 | Lair:3   | Gained mutation: Your magical capacity is low (-10% MP). [potion of mutation]
 14979 | Lair:3   | Lost mutation: You expend magic power (3 MP) to slightly strengthen your wands. [potion of cure mutation]
 14979 | Lair:3   | Lost mutation: You are weak. (Str -2) [potion of cure mutation]
 14979 | Lair:3   | Lost mutation: Your magical capacity is low (-10% MP). [potion of cure mutation]
 14979 | Lair:3   | Lost mutation: You are partially covered in rugged brown scales (AC +1, +3% HP). [potion of cure mutation]
 15153 | Lair:3   | Reached XP level 12. HP: 50/100 MP: 12/12
 15445 | Lair:3   | Received a gift from Trog
 15684 | Lair:3   | Noticed an eight-headed hydra
 15694 | Lair:3   | Killed an eight-headed hydra
 16135 | Lair:4   | Received a gift from Trog
 16588 | Lair:4   | Found a staircase to the Snake Pit.
 16756 | Lair:4   | Noticed Harold
 16790 | Lair:4   | Killed Harold
 17501 | Lair:5   | Found a labyrinth entrance.
 17530 | Lab      | Entered a labyrinth
 18063 | Lab      | Noticed a minotaur
 18077 | Lab      | Killed a minotaur
 18077 | Lab      | Reached skill level 10 in Throwing
 18092 | Lab      | Identified Guruech's Papyrus of Quantum Air
 18106 | Lab      | Identified Thet's Grimoire of Mezcal (You found it in a labyrinth)
 18127 | Lab      | Identified a +2 rod of destruction (11/11) (You found it in a labyrinth)
 18130 | Lab      | Got a slimy chain mail
 18142 | Lab      | Identified the +1 chain mail of Lysuzes {Str+4} (You found it in a labyrinth)
 18212 | Lair:5   | Noticed Rupert
 18217 | Lair:5   | Paralysed by Rupert for 4 turns
 18235 | Lair:5   | Killed Rupert
 18452 | Lair:5   | Received a gift from Trog
 18575 | Lair:5   | Reached XP level 13. HP: 100/106 MP: 20/20
 18689 | Lair:5   | Received a gift from Trog
 18775 | Lair:5   | Found a staircase to the Swamp.
 19540 | Lair:6   | Received a gift from Trog
 19613 | Lair:6   | Noticed Maud
 19628 | Lair:6   | Killed Maud
 19991 | Lair:6   | Found a shimmering altar of Xom.
 20635 | Lair:6   | Received a gift from Trog
 20921 | Lair:7   | Received a gift from Trog
 21768 | Lair:7   | Received a gift from Trog
 22100 | Lair:7   | Reached XP level 14. HP: 113/113 MP: 21/21
 22202 | Lair:8   | Entered Level 8 of the Lair of Beasts
 22287 | Lair:8   | Reached skill level 15 in Dodging
 22311 | Lair:8   | Found a staircase to the Slime Pits.
 22873 | Lair:8   | Reached skill level 16 in Dodging
 22949 | Lair:8   | Received a gift from Trog
 23955 | Lair:8   | Reached skill level 5 in Evocations
 24366 | Lair:8   | Reached skill level 1 in Armour
 25901 | D:11     | Received a gift from Trog
 26133 | D:11     | Reached XP level 15. HP: 96/120 MP: 25/25
 26169 | D:11     | Reached skill level 5 in Armour
 26344 | D:11     | Found a staircase to the Orcish Mines.
 26351 | Orc:1    | Entered Level 1 of the Orcish Mines
 26481 | D:11     | Received a gift from Trog
 27383 | D:12     | Paralysed by a wasp for 1 turns
 28719 | D:13     | Received a gift from Trog
 28737 | D:13     | Noticed Nergalle
 28762 | D:13     | Killed Nergalle
 28816 | D:13     | Noticed Sonja
 28836 | D:13     | Noticed Jouve's ghost (powerful HOFi)
 28841 | D:13     | Killed Jouve's ghost
 29115 | D:13     | Noticed Urug
 29134 | D:13     | Killed Urug
 29405 | D:13     | Found a gate to the Vaults.
 29526 | D:13     | Found a snail-covered altar of Cheibriados.
 30068 | D:14     | Received a gift from Trog
 30255 | D:14     | Noticed Kirke
 30351 | D:14     | Noticed Frances
 30360 | D:14     | Killed Frances
 30390 | D:14     | Noticed a sphinx
 30400 | D:14     | Killed a sphinx
 30422 | D:14     | Killed Kirke
 30466 | D:14     | Received a gift from Trog
 31323 | D:15     | Entered Level 15 of the Dungeon
 31498 | D:15     | Reached skill level 10 in Armour
 31515 | D:15     | Reached XP level 16. HP: 41/127 MP: 8/26
 31936 | D:15     | Received a gift from Trog
 32262 | D:15     | Found Thropt's Armour Shop.
 32323 | D:15     | Killed Sonja
 32410 | D:15     | Bought a +1 cloak of magic resistance for 280 gold pieces
 32424 | D:15     | Found a white marble altar of Elyvilon.
 32602 | D:15     | Found a staircase to the Depths.
 32805 | Orc:1    | Noticed Enish's ghost (powerful DEWz)
 32811 | Orc:1    | Killed Enish's ghost
 33465 | Orc:2    | Received a gift from Trog
 33469 | Orc:2    | Found a burning altar of Makhleb.
 33948 | Orc:4    | Entered Level 4 of the Orcish Mines
 34003 | Orc:4    | Found Khujoemy's Distillery.
 34014 | Orc:4    | Bought a potion of curing for 42 gold pieces
 34014 | Orc:4    | Bought a potion of might for 56 gold pieces
 34014 | Orc:4    | Bought a potion of heal wounds for 70 gold pieces
 34014 | Orc:4    | Bought a potion of heal wounds for 70 gold pieces
 34267 | Orc:4    | Received a gift from Trog
 34691 | Orc:4    | Found Khiupp's Food Boutique.
 34691 | Orc:4    | Found Ekholaxza's Antique Weapon Boutique.
 34692 | Orc:4    | Found Zeop's Antique Weapon Shoppe.
 34704 | Orc:4    | Found Cunarph's Jewellery Shoppe.
 34723 | Orc:4    | Bought a smoking halberd for 216 gold pieces
 34728 | Orc:4    | Identified the +10 halberd "Micuthis" {flame, rF+ rN+ Stlth+} (You bought it in a shop on level 4 of the Orcish Mines)
 34856 | Orc:4    | Found a staircase to the Elven Halls.
 34891 | Orc:4    | Received a gift from Trog
 34914 | Elf:1    | Entered Level 1 of the Elven Halls
 34925 | Elf:1    | Found Zeanwub's Assorted Antiques.
 34939 | Elf:1    | Bought an ancient shield for 389 gold pieces
 34965 | Orc:4    | Identified the +0 shield of Context {rF+ rC+ Stlth+} (You bought it in a shop on level 1 of the Elven Halls)
 35086 | Elf:1    | Bought a scroll of teleportation for 123 gold pieces
 35086 | Elf:1    | Bought a scroll of teleportation for 123 gold pieces
 35086 | Elf:1    | Bought a metal-bound book for 615 gold pieces
 35836 | Elf:1    | Noticed a Hell Sentinel
 35845 | Elf:1    | Reached skill level 15 in Polearms
 35867 | Elf:1    | Identified a +2 rod of shadows (14/14) (You found it on level 1 of the Elven Halls)
 35936 | Elf:1    | Received a gift from Trog
 35939 | Elf:1    | Got a brightly glowing long sword {god gift}
 35940 | Elf:1    | Identified the +11 long sword "Xylym" {flame, Dex+7} (Trog gifted it to you on level 1 of the Elven Halls)
 37065 | Elf:2    | Found Reurchue's Magic Scroll Shop.
 37084 | Elf:2    | Bought a scroll of fog for 30 gold pieces
 37084 | Elf:2    | Bought a scroll of identify for 30 gold pieces
 37084 | Elf:2    | Bought a scroll of enchant armour for 112 gold pieces
 37084 | Elf:2    | Bought a scroll of identify for 30 gold pieces
 37084 | Elf:2    | Bought a scroll of identify for 30 gold pieces
 37084 | Elf:2    | Bought a scroll of identify for 30 gold pieces
 37084 | Elf:2    | Bought a scroll of teleportation for 45 gold pieces
 37084 | Elf:2    | Bought a scroll of identify for 30 gold pieces
 37084 | Elf:2    | Bought a scroll of identify for 30 gold pieces
 37292 | Elf:2    | Noticed Louise
 37306 | Elf:2    | Killed Louise
 37598 | Elf:2    | Received a gift from Trog
 37705 | Elf:2    | Reached XP level 17. HP: 106/133 MP: 9/27
 38166 | Elf:2    | Found a runed gate.
 38167 | Elf:2    | Found a runed gate.
 38167 | Elf:2    | Found a runed gate.
 38285 | Elf:2    | Noticed a deep elf blademaster
 38300 | Elf:2    | Killed a deep elf blademaster
 38445 | Elf:2    | Received a gift from Trog
 38458 | Elf:2    | Reached skill level 10 in Shields
 39811 | Elf:3    | Entered Level 3 of the Elven Halls
 40712 | Snake:1  | Entered Level 1 of the Snake Pit
 41046 | Snake:1  | Received a gift from Trog
 42849 | Snake:2  | Found a deep blue altar of Sif Muna.
 42917 | Snake:2  | Found Ulah's Gadget Shoppe.
 43280 | Snake:2  | Received a gift from Trog
 43510 | Snake:3  | Received a gift from Trog
 43516 | Snake:3  | Got a faintly glowing trident {god gift}
 43517 | Snake:3  | Identified the +5 trident of the Original Sin {drain, rPois rC+ Str+4} (Trog gifted it to you on level 3 of the Snake Pit)
 43611 | Snake:3  | HP: 4/133 [shock serpent/bolt of electricity (5)]
 43618 | Snake:4  | HP: 3/133 [poisoned by a black mamba]
 43625 | Snake:4  | HP: 4/133 [poisoned by a black mamba]
 43633 | Snake:4  | HP: 4/133 [poisoned by a black mamba]
 43885 | Snake:4  | Noticed Saint Roka
 43890 | Snake:4  | Reached XP level 18. HP: 140/140 MP: 9/28
 43936 | Snake:4  | Killed Saint Roka
 44159 | Snake:4  | Reached skill level 1 in Crossbows
 45506 | Snake:4  | Received a gift from Trog
 45757 | Snake:5  | Entered Level 5 of the Snake Pit
 45858 | Snake:5  | Reached skill level 5 in Crossbows
 45959 | Snake:5  | Killed from afar by a shock serpent

Action                   |  1- 3 |  4- 6 |  7- 9 | 10-12 | 13-15 | 16-18 || total
-------------------------+-------+-------+-------+-------+-------+-------++-------
Melee: Trident           |   119 |   225 |   489 |  1191 |  2114 |    41 ||  4179
       Glaive            |       |       |    49 |    25 |       |       ||    74
       Demon trident     |       |       |       |       |   714 |  2212 ||  2926
       Halberd           |       |       |       |       |       |    87 ||    87
       Great mace        |       |       |       |       |       |     9 ||     9
 Fire: Blowgun           |       |       |    10 |    17 |       |     6 ||    33
       Arbalest          |       |       |       |       |       |    71 ||    71
Throw: Tomahawk          |       |       |       |    35 |   199 |     1 ||   235
       Javelin           |       |       |       |    66 |    48 |    26 ||   140
       Throwing net      |       |       |       |     1 |     1 |       ||     2
Invok: Berserk           |       |       |    13 |    15 |    23 |     7 ||    58
       Burn Spellbooks   |       |       |       |     4 |       |     1 ||     5
       Brothers in Arms  |       |       |       |     1 |    12 |    16 ||    29
       Trog's Hand       |       |       |       |       |       |     5 ||     5
Evoke: Wand              |       |       |       |     2 |       |       ||     2
       Rod               |       |       |       |       |     6 |     8 ||    14
  Use: Scroll            |     2 |       |     9 |    24 |    15 |    19 ||    69
       Potion            |     1 |     1 |     6 |     4 |     3 |     3 ||    18
 Stab: Sleeping          |     2 |     3 |     3 |     3 |     1 |       ||    12
       Distracted        |       |       |       |     1 |     1 |     2 ||     4
  Eat: Chunk             |     2 |     5 |    17 |    23 |    26 |     5 ||    78
       Pizza             |       |     1 |       |     3 |     6 |     1 ||    11
       Meat ration       |       |       |     1 |     3 |     6 |     8 ||    18
       Beef jerky        |       |       |     3 |       |     1 |     4 ||     8
       Fruit             |       |       |     2 |    10 |     3 |     4 ||    19
       Royal jelly       |       |       |       |       |       |     1 ||     1
